 Dungeon Crawl Stone Soup version 0.18.1-48-g4cf74bf (webtiles) character file.

64 Alarkh the Grave Robber (level 3, -2/24 HPs)
             Began as a Mummy Necromancer on Aug 4, 2016.
             Slain by Ladykiller69's ghost (9 damage)
             ... on level 3 of the Dungeon.
             The game lasted 00:02:17 (1896 turns).

Alarkh the Grave Robber (Mummy Necromancer)         Turns: 1896, Time: 00:02:17

Health: -2/24      AC:  2    Str: 11    XL:     3   Next: 91%
Magic:  7/7        EV:  7    Int: 15    God:
Gold:   146        SH:  0    Dex: 12    Spells: 2 memorised, 4 levels left

rFire  x . .     SeeInvis .     h - +0 dagger (venom)
rCold  + . .     Gourm    .     a - +0 robe
rNeg   + + +     Faith    .     (no shield)
rPois  ∞         Spirit   .     (no helmet)
rElec  .         Dismiss  .     (no cloak)
rCorr  .         Reflect  .     (no gloves)
SustAt .         Harm     .     (no boots)
MR     .....                    (no amulet)
Stlth  ++........               (no ring)
                                (no ring)

@: not resistant to hostile enchantments, unstealthy
A: no food or potions, fire vulnerability, cold resistance 1, negative energy
resistance 3, torment resistance, unbreathing
a: no special abilities


You were on level 3 of the Dungeon.
You were not hungry.

You visited 1 branch of the dungeon, and saw 3 of its levels.

You collected 146 gold pieces.

Inventory:

Hand Weapons
 d - a +0 short sword
 h - a +0 dagger of venom (weapon)
Armour
 a - a +0 robe (worn)
Scrolls
 c - 3 scrolls of remove curse
 e - a scroll of teleportation {unknown}
 f - a scroll of immolation {unknown}
 g - a scroll of enchant armour {unknown}
 i - a scroll of noise {unknown}
 j - a scroll of identify {unknown}
 k - 3 scrolls of recharging {unknown}
 l - a scroll of amnesia {unknown}
Books
 b - a book of Necromancy

   Spells                             Type                      Level
   a - Pain                           Necromancy                   1
   b - Animate Skeleton               Necromancy                   1
   c - Vampiric Draining              Necromancy                   3
   d - Regeneration                   Charms/Necromancy            3
   e - Animate Dead                   Necromancy                   4
   f - Control Undead                 Necromancy                   4


   Skills:
 - Level 1.5 Dodging
 - Level 1.5 Stealth
 + Level 3.1 Spellcasting
 + Level 4.8 Necromancy


You had 4 spell levels left.
You knew the following spells:

 Your Spells              Type           Power        Failure   Level  Hunger
a - Pain                  Necr           ###.         2%          1    N/A
b - Vampiric Draining     Necr           ###.......   10%         3    N/A

Dungeon Overview and Level Annotations

Branches:
Dungeon (3/15)

Altars:

Annotations:
D:3 Ladykiller69's ghost, amateur FoFi


Innate Abilities, Weirdness & Mutations

You do not eat or drink.
Your flesh is vulnerable to fire.
You are immune to poison.
Your flesh is cold resistant.
You are immune to negative energy.
You are immune to unholy pain and torment.
You can survive without breathing.


Message History

No target in view!
You barely miss the rat. The rat misses you.
You hit the rat.
You kill the rat!
No target in view!
No target in view!
A rat comes into view.
Ladykiller69's ghost (amateur Formicid Fighter) comes into view.
There are monsters nearby!
You see here a rat corpse.
Ladykiller69's ghost hits you!!
Ouch! That really hurt!
* * * LOW HITPOINT WARNING * * *
Ladykiller69's ghost ripples.
Items here: ( )) † an uncursed whip; an uncursed blowgun; 11 poisoned needles; a kobold corpse You see here a poisoned needle.
There is a stone staircase leading up here.
Ladykiller69's ghost hits you!
You die...

##########
#........#
#........# #
#..#####.# ####...
#..#####.####......#
#..##...).(W@..(..#
#..##.##.####......#
#..##.##.## ##...##
#...†.....# .##
#.......#.# #
##......#.#
#.##.#.#.#
#.##.#.#.# ..##.#.#


You could see Ladykiller69's ghost.

Vanquished Creatures
  An ooze (D:1)
  2 worms (D:2)
  4 dart slugs
  4 giant geckos
  2 giant cockroaches
  2 goblins (D:1)
  5 hobgoblins
  3 jackals (D:1)
  2 quokkas (D:2)
  4 bats
  A giant newt (D:1)
  5 kobolds
  7 rats
42 creatures vanquished.

Notes
Turn   | Place    | Note
--------------------------------------------------------------
     0 | D:1      | Alarkh the Mummy Necromancer began the quest for the Orb.
     0 | D:1      | Reached XP level 1. HP: 13/13 MP: 3/3
   443 | D:1      | Reached XP level 2. HP: 19/19 MP: 1/5
  1096 | D:1      | Reached XP level 3. HP: 22/24 MP: 7/7
  1101 | D:1      | Learned a level 3 spell: Vampiric Draining
  1884 | D:3      | Noticed Ladykiller69's ghost (amateur FoFi)
  1896 | D:3      | Slain by Ladykiller69's ghost

Skill      XL: |  1  2  3 |
---------------+----------+-----
Spellcasting   | 3 |  3.1
Dodging        | |  1.5
Stealth        | |  1.5
Necromancy     | |  4.8

Action                   || total
-------------------------++-------
Melee: Short sword       ||    18
       Dagger            ||    51
 Cast: Pain              ||    32
       Vampiric Draining ||     8
  Use: Scroll            ||     1
 Stab: Sleeping          ||     2
Armor: Robe              ||    17
Dodge: Dodged            ||    48
